 Dungeon Crawl Stone Soup version 0.31-a0-1-g4198be8af4 (webtiles) character file.

Game seed: 1924188767362264373

9898 Lavandula the Stinger (level 11, 0/72 HPs)
             Began as a Mummy Venom Mage on May 3, 2023.
             Was a Priest of Kikubaaqudgha.
             Slain by a vampire (10 damage)
             ... on level 10 of the Dungeon.
             The game lasted 00:23:35 (11355 turns).

Lavandula the Stinger (Mummy Venom Mage)           Turns: 11355, Time: 00:23:35

Health: 0/72       AC:  8    Str: 11    XL:     11   Next: 29%
Magic:  1/20       EV: 11    Int: 20    God:    Kikubaaqudgha [***...]
Gold:   542        SH:  5    Dex: 12    Spells: 3/22 levels left

rFire   x x .        r - +1 halberd (flame)
rCold   + + +        (shield currently unavailable)
rNeg    + + +        k - +0 leather armour {rC+}
rPois   ∞            B - +0 helmet
rElec   .            C - +1 cloak
rCorr   .            (no gloves)
SInv    .            e - +1 pair of boots
Will    +....        g - amulet of reflection
Stlth   +            n - ring of ice
HPRegen 0.32/turn    (no ring)
MPRegen 0.17/turn

%: reflection, faith
@: animating dead (expiring)
A: cold resistance 1, negative energy resistance 3, torment resistance 2, heat
vulnerability 1, in touch with death 1, no potions, faith
a: Renounce Religion, Unearth Wretches


You were on level 10 of the Dungeon.
You worshipped Kikubaaqudgha.
Kikubaaqudgha was most pleased with you.
You visited 2 branches of the dungeon, and saw 11 of its levels.

You collected 542 gold pieces.

Inventory:

Hand Weapons
 d - a +0 heavy mace
 m - a +0 spear of venom
 r - a +1 halberd of flaming (weapon)
 z - a +2 whip of electrocution
Missiles
 i - 6 javelins (quivered)
 l - 5 boomerangs
Armour
 e - a +1 pair of boots (worn)
 k - a +0 leather armour of cold resistance (worn)
 s - a +2 robe of positive energy
 B - a +0 helmet (worn)
 C - a +1 cloak (worn)
Jewellery
 a - a ring of fire
 g - an amulet of reflection (around neck)
 n - a ring of ice (left hand)
Wands
 j - a wand of charming (8)
 o - a wand of iceblast (30)
 u - a wand of mindburst (52)
 D - a wand of flame (4)
Scrolls
 b - a scroll of identify
 c - 2 scrolls of immolation
 f - 4 scrolls of amnesia
 h - a scroll of enchant weapon
 p - 4 scrolls of teleportation
 q - 2 scrolls of magic mapping
 t - 3 scrolls of fear
 v - 4 scrolls of summoning
 w - a scroll of poison
 x - 7 scrolls of fog
 y - 3 scrolls of brand weapon
Miscellaneous
 A - a lightning rod (4/4)


   Skills:
 - Level 2.1 Fighting
 - Level 5.0 Polearms
 - Level 1.5 Dodging
 - Level 1.5 Stealth
 - Level 6.0 Spellcasting
 + Level 6.4 Conjurations
 - Level 5.8 Necromancy
 - Level 0.7 Transmutations
 + Level 3.8 Ice Magic
 + Level 6.5 Air Magic
 - Level 7.0 Poison Magic
 - Level 2.6 Evocations


You had 3 spell levels left.
You knew the following spells:

 Your Spells              Type           Power      Damage    Failure   Level
a - Sting                 Tmut/Pois      84%        1d7       2%          1
b - Poisonous Vapours     Pois/Air       66%        N/A       1%          2
c - Mephitic Cloud        Conj/Pois/Air  32%        N/A       2%          3
d - Olgreb's Toxic Radia  Pois           34%        N/A       8%          4
e - Animate Dead          Necr           44%        N/A       12%         4
f - Freezing Cloud        Conj/Ice/Air   21%        6-21      36%         5

Your spell library contained the following spells:

 Spells                   Type           Power      Damage    Failure   Level
 Kiss of Death            Conj/Necr      100%       2d13      1%          1
 Necrotise                Necr           100%       1d9       1%          1
 Vampiric Draining        Necr           44%        2d9       3%          3
 Agony                    Necr           44%        N/A       34%         5
 Anguish                  Hex/Necr       13%        N/A       38%         4
 Irradiate                Conj/Tmut      10%        3d15      65%         5
 Petrify                  Tmut/Erth      7%         N/A       75%         4
 Borgnjor's Vile Clutch   Necr/Erth      13%        N/A       75%         5
 Death Channel            Necr           22%        N/A       88%         6
 Discord                  Hex            3%         N/A       100%        8
 Ignition                 Fire           3%         3d4       100%        8
 Sublimation of Blood     Necr           Unusable   N/A       N/A         2

Dungeon Overview and Level Annotations

Branches:
Dungeon (10/15)            Temple (1/1) D:5            Lair (0/5) D:8
    Orc: D:9-12

Altars:
Cheibriados
Dithmenos
Fedhas
Gozag
Hepliaklqana
Kikubaaqudgha
Nemelex Xobeh
Okawaru
Trog
Vehumet
Wu Jian
Yredelemnul

Shops:
D:4 *

Annotations:
D:3 Grinder, Natasha
D:5 Dowan, Duvessa


Innate Abilities, Weirdness & Mutations

You are immune to poison.
Your flesh is cold resistant. (rC+)
You are immune to negative energy. (rN+++)
You are immune to unholy pain and torment.
You are vulnerable to heat. (rF-)
You are in touch with the powers of death.
You do not drink.
You have a special connection with the divine. (Faith)


Message History

Your two-headed ogre zombie is destroyed!
Your kobold brigand zombie hits the two-headed ogre.
Your kobold demonologist zombie barely misses something.
Unknown command.
Your kobold brigand zombie completely misses the two-headed ogre.
The two-headed ogre barely misses your kobold brigand zombie.
The two-headed ogre hits your kobold brigand zombie with a +0 giant club!!
Something hits you. Something bites you!
Your kobold brigand zombie hits the two-headed ogre.
The two-headed ogre dies!
Kikubaaqudgha accepts your kill.
You swap places.
Something hits you! Something bites you but does no damage.
Unknown command.
Unknown command.
You miss something.
Your kobold demonologist zombie hits something but does no damage.
Something hits you! Something bites you but does no damage.
Okay, then.
Okay, then.
A yak comes into view.
The yak bellows!
Kikubaaqudgha calls piteous wretches from the earth!
Kikubaaqudgha will no longer protect you from unholy torment.
A kobold comes into view.
Your kobold demonologist zombie barely misses something.
Something hits you. Something bites you.
Your kobold demonologist zombie barely misses something.
The helpless yak fails to defend itself.
You slash the yak! You burn the yak.
You kill the yak!
That felt strangely unrewarding.
The dead are walking!
Something hits you!
* * * LOW HITPOINT WARNING * * *
Something bites you.
* * * LOW HITPOINT WARNING * * *
Your kobold demonologist zombie barely misses something.
Your kobold demonologist zombie hits something but does no damage.
Your reaping aura is weakening.
A nearby kobold perishes wretchedly.
The dead are walking!
Something hits you!
You die...
Kikubaaqudgha rasps: "You have failed me!
Welcome... oblivion!"

'..........# #........
#..........###........
#..........#..........
#..........#.#...)....
#..........#.#........
#..........#.#########
#..........'.# #
#...>ZZ....### ##
#####@###### #. #.{Z#
#. ###Z# #####' #Z#
#.....


)Z) #....^ K.).. #..... ...)..# ####.# .......# #..#'# ........# #..... You
could see a friendly yak zombie, a friendly kobold zombie (wandering), a
friendly kobold brigand zombie and 2 friendly kobold demonologist zombies.

Vanquished Creatures
  Erica (D:8)
  2 two-headed ogres
  2 death yaks (D:8)
  Pikel (D:9)
  Psyche (D:9)
  2 kobold demonologists (D:10)
  A hornet (D:8)
  2 wyverns
  5 yaks
  A water moccasin (D:6)
  4 sky beasts
  A black bear (D:7)
  2 orc warriors
  An ogre (D:6)
  2 lemures (D:9)
  A phantom (D:6)
  2 bullfrogs
  3 kobold brigands
  A wyvern zombie (D:7)
  A water moccasin zombie (D:7)
  2 wights (D:7)
  A howler monkey (D:4)
  12 killer bees (D:7)
  2 bullfrog zombies (D:7)
  A centaur zombie (D:7)
  A jelly (D:6)
  2 gnoll boudas
  6 hounds
  3 orc priests
  3 orc wizards
  2 sleepcaps
  Ijyb (D:2)
  Natasha (D:3)
  3 iguanas
  A howler monkey zombie (D:7)
  9 gnolls
  6 adders
  2 river rats (D:4)
  4 white imps
  A worm (D:3)
  2 dart slugs
  34 orcs
  7 ball pythons
  5 bats
  4 endoplasms
  6 giant cockroaches
  11 goblins
  3 hobgoblins
  3 jackals (D:4)
  A quokka (D:4)
  2 frilled lizards
  11 kobolds
  3 rats
191 creatures vanquished.

Vanquished Creatures (collateral kills)
  A death yak (D:8)
  A two-headed ogre (D:10)
  Prince Ribbit (D:9)
  A shadow (D:8)
  A yak (D:8)
5 creatures vanquished.

Vanquished Creatures (others)
  A two-headed ogre zombie (D:10)
  2 yak zombies (D:8)
  A kobold zombie (D:9)
  An iguana (D:5)
  A kobold (D:10)
  A fungus (D:3)
  2 plants (D:3)
  6 withered plants (D:7)
15 creatures vanquished.

Grand Total: 211 creatures vanquished

Notes
Turn   | Place    | Note
-------+----------+-------------------------------------------
     0 | D:1      | Lavandula the Mummy Venom Mage began the quest for the Orb.
     0 | D:1      | Reached XP level 1. HP: 13/13 MP: 4/4
   475 | D:1      | Reached XP level 2. HP: 15/19 MP: 1/5
   477 | D:1      | Reached skill level 3 in Poison Magic
   480 | D:1      | Learned a level 2 spell: Poisonous Vapours
  1245 | D:2      | Noticed Ijyb
  1415 | D:3      | Gained mutation: You are in touch with the powers of death.
                  | [Mummy growth]
  1415 | D:3      | Reached XP level 3. HP: 24/24 MP: 0/7
  1558 | D:3      | Noticed Natasha
  1565 | D:3      | Killed Natasha
  1641 | D:3      | Learned a level 3 spell: Mephitic Cloud
  1682 | D:3      | Reached skill level 4 in Poison Magic
  1692 | D:3      | Reached XP level 4. HP: 26/30 MP: 0/8
  1957 | D:3      | Found a faded altar of an unknown god.
  2029 | D:3      | Noticed Grinder
  2086 | D:4      | Learned a level 4 spell: Olgreb's Toxic Radiance
  2091 | D:4      | Noticed a black bear
  2302 | D:3      | Noticed Natasha
  2865 | D:2      | Reached XP level 5. HP: 35/35 MP: 11/11
  3166 | D:2      | Killed Ijyb
  3509 | D:4      | Reached skill level 5 in Poison Magic
  3511 | D:4      | Reached XP level 6. HP: 6/41 MP: 5/12
  3956 | D:4      | Found Iruosm's Fire Supplies.
  4159 | D:4      | Found a sparkling altar of Nemelex Xobeh.
  4209 | D:5      | Entered Level 5 of the Dungeon
  4251 | D:5      | Found a staircase to the Ecumenical Temple.
  4297 | Temple   | Entered the Ecumenical Temple
  4320 | Temple   | Became a worshipper of Kikubaaqudgha
  4573 | D:5      | Noticed an ice beast
  4668 | D:5      | Reached skill level 6 in Poison Magic
  4762 | D:5      | Reached * piety under Kikubaaqudgha
  4762 | D:5      | Received a gift from Kikubaaqudgha
  5133 | D:5      | Noticed Duvessa
  5133 | D:5      | Noticed Dowan
  5252 | D:6      | Reached XP level 7. HP: 43/46 MP: 8/13
  5254 | D:6      | Reached skill level 5 in Spellcasting
  5301 | D:6      | Learned a level 4 spell: Animate Dead
  5676 | D:6      | Reached skill level 7 in Poison Magic
  5855 | D:6      | Reached skill level 1 in Evocations
  6184 | D:7      | Found a shadowy altar of Dithmenos.
  6198 | D:7      | Reached XP level 8. HP: 51/52 MP: 15/15
  6249 | D:7      | Reached skill level 1 in Necromancy
  6358 | D:7      | Found a basalt altar of Yredelemnul.
  6510 | D:7      | Reached skill level 5 in Necromancy
  6659 | D:7      | Reached ** piety under Kikubaaqudgha
  6957 | D:7      | Learned a level 5 spell: Freezing Cloud
  7006 | D:7      | Reached skill level 1 in Fighting
  7069 | D:7      | Reached skill level 1 in Ice Magic
  7069 | D:7      | Reached XP level 9. HP: 58/61 MP: 13/18
  7744 | D:7      | Reached skill level 1 in Conjurations
  7744 | D:7      | Reached skill level 1 in Air Magic
  7875 | D:7      | Reached skill level 1 in Polearms
  8001 | D:8      | Noticed Erica
  8120 | D:8      | Noticed a death yak
  8129 | D:8      | Noticed a death yak
  8145 | D:8      | Killed Erica
  8526 | D:8      | Found a bloodstained altar of Trog.
  8556 | D:8      | Reached skill level 5 in Polearms
  8605 | D:8      | Reached *** piety under Kikubaaqudgha
  8605 | D:8      | Received a gift from Kikubaaqudgha
  8810 | D:8      | Noticed a death yak
  8824 | D:8      | Killed a death yak
  8825 | D:8      | Reached XP level 10. HP: 60/67 MP: 0/19
  8828 | D:8      | Killed a death yak
  8848 | D:8      | Found a staircase to the Lair.
  9176 | D:8      | Killed a death yak
  9641 | D:9      | Noticed Pikel
  9647 | D:9      | Killed Pikel
  9792 | D:9      | Noticed Prince Ribbit
  9801 | D:9      | Killed Prince Ribbit
  9802 | D:9      | Reached skill level 5 in Air Magic
 10150 | D:9      | Reached skill level 5 in Conjurations
 10191 | D:9      | Noticed Psyche
 10198 | D:9      | Your ally Pikel died
 10207 | D:9      | Killed Psyche
 10384 | D:9      | Noticed a two-headed ogre
 10394 | D:9      | Killed a two-headed ogre
 10395 | D:9      | Reached XP level 11. HP: 72/72 MP: 9/20
 11093 | D:10     | Entered Level 10 of the Dungeon
 11093 | D:10     | Found an opulent altar of Gozag.
 11273 | D:10     | Found an iron altar of Okawaru.
 11334 | D:10     | Noticed a two-headed ogre
 11337 | D:10     | Noticed a two-headed ogre
 11339 | D:10     | Noticed a soul eater
 11343 | D:10     | Killed a two-headed ogre
 11345 | D:10     | Reached **** piety under Kikubaaqudgha
 11349 | D:10     | Killed a two-headed ogre
 11355 | D:10     | Slain by a vampire

Illustrated notes

Levels and vault maps discovered:
D:1:      matt_arrival_refuge, layout_loops_ring, serial_forest,
          infiniplex_forest_lined_2, infiniplex_forest_clump_tiny,
          infiniplex_forest_lined_room_3, infiniplex_forest_clump_long,
          infiniplex_forest_clump_medium, infiniplex_forest_clump_medium
D:2:      kennysheep_the_goblin_king, layout_basic
D:3:      layout_loops_corners, dreamdust_ecumenical_altar_hidden_monk_grotto,
          uniq_grinder, uniq_natasha
D:4:      layout_cave_pools, nemelex_diamond_rough_becter,
          gup_sewer_entry_spiral, nicolae_shop_fire_sale
          [nicolae_sub_dead_trees], kennysheep_cross_room, uniq_ijyb
D:5:      layout_loops_ring, minmay_temple_entry_mist, uniq_duvessa
D:6:      layout_loops_ring
D:7:      layout_basic, lemuel_crystal_altar, mainiacjoe_overflow_boulevard,
          serial_undead, serial_undead_c, serial_undead_e, serial_undead_c,
          serial_undead_a
D:8:      layout_basic, mainiacjoe_overflow_surrounded_room, dpeg_lair_monsters,
          kennysheep_crisscross, nrook_mini_vaults, uniq_erica
D:9:      layout_layer_cave, uniq_pikel, uniq_prince_ribbit1, uniq_psyche
D:10:     layout_roguey, mainiacjoe_overflow_tiny_flanked,
          hellmonk_okawaru_the_only_friend_you_need, hex_tiny
Temple:   nicolae_temple_elliptical

Skill      XL: |  1  2  3  4  5  6  7  8  9 10 11 |
---------------+----------------------------------+-----
Poison Magic   | 3 4 5 6 7 |  7.0
Spellcasting   | 4 5 6 |  6.0
Evocations     | 2 |  2.6
Necromancy     | 5 |  5.8
Fighting       | 2 |  2.1
Ice Magic      | 1 3 |  3.8
Conjurations   | 2 5 6 |  6.4
Air Magic      | 3 5 6 |  6.5
Polearms       | 5 |  5.0
Dodging        | |  1.5
Stealth        | |  1.5
Transmutations | |  0.7

Action                     |  1- 3 |  4- 6 |  7- 9 | 10-12 || total
---------------------------+-------+-------+-------+-------++-------
  Melee: Unarmed           |     3 |       |       |       ||     3
         Mace              |    11 |     9 |       |       ||    20
         Spear             |       |   109 |   134 |       ||   243
         Punch             |       |     1 |     1 |       ||     2
         Halberd           |       |       |    80 |    71 ||   151
  Throw: Javelin           |       |       |     3 |       ||     3
         Throwing net      |       |       |     1 |       ||     1
   Cast: Sting             |    51 |    38 |       |       ||    89
         Olgreb's Toxic Ra |       |    10 |    29 |    21 ||    60
         Poisonous Vapours |       |       |     1 |       ||     1
         Mephitic Cloud    |       |       |     3 |     5 ||     8
         Animate Dead      |       |       |     2 |     2 ||     4
 Invoke: Unearth Wretches  |       |       |       |     1 ||     1
  Evoke: Wand              |       |     2 |    10 |       ||    12
    Use: Scroll            |       |     7 |     4 |     3 ||    14
   Stab: Sleeping          |       |     3 |       |       ||     3
         Confused          |       |       |       |     3 ||     3
         Paralysed         |       |       |       |     1 ||     1
 Armour: Robe              |     9 |       |       |       ||     9
         Leather armour    |       |    41 |    44 |     9 ||    94
  Dodge: Dodged            |    18 |    97 |   104 |    21 ||   240
  Block: Other             |       |    40 |    56 |    10 ||   106
         Reflection        |       |     1 |     2 |       ||     3

Table legend: (Time is in decaauts)
 A = Elapsed time spent in this place.
 B = Non-inter-level travel time spent in this place.
 C = Inter-level travel time spent in this place.
 D = Time resting spent in this place.
 E = Time spent auto-exploring this place.
 F = Levels seen in this place.
 G = Mean time per level.
                   A        B        C        D        E       F      G
               +--------+--------+--------+--------+--------+-----+--------+
         Total |  11493 |  11138 |    355 |   1194 |   8039 |  11 | 1044.8 |
       Dungeon |  11452 |  11116 |    336 |   1194 |   8026 |  10 | 1145.2 |
        Temple |     41 |     23 |     18 |      0 |     13 |   1 |   41.0 |
               +--------+--------+--------+--------+--------+-----+--------+

Top non-repeatable levels by time:
     D:7: 2051 daAuts
     D:9: 1527 daAuts
     D:8: 1387 daAuts
     D:1: 1209 daAuts
     D:2: 1113 daAuts
     D:4: 1060 daAuts
     D:6: 1007 daAuts
     D:3: 926 daAuts
     D:5: 901 daAuts
    D:10: 267 daAuts
  Temple: 41 daAuts
